Map: Triton LE

Players

Vindicta

  • Race: Terran Terran
  • Spawn Location: 5:00

Astrea - Winner!

  • Race: Protoss Protoss
  • Spawn Location: 11:00

VOD

Have the link to the VOD?

Description

Time

  • Played on: Sept. 6, 2019, 3:44 p.m.
  • Length: 13:51
Show
View Real Time Build Order
Export as new Build Order

Vindicta Terran 

Build Orders: Reaper Expand 

Get SALT Encoding   

  12  0:00  SCV  
  13  0:12  SCV  
  14  0:17  Supply Depot  
  14  0:24  SCV  
  15  0:39  Barracks, SCV  
  16  0:44  Refinery  
  16  0:51  SCV  
  17  1:03  SCV  
  18  1:15  SCV  
  19  1:27  Orbital Command, Reaper  
  20  1:43  Command Center  
  20  1:53  SCV  
  21  1:58  Supply Depot  
  21  2:00  Barracks Reactor  
  21  2:03  Refinery  
  21  2:05  SCV  
  22  2:17  SCV  
  22  2:21  Factory  
  23  2:29  SCV  
  24  2:36  Marine x2  
  26  2:41  SCV  
  27  2:53  SCV  
  27  2:54  Marine x2  
  27  2:56  Orbital Command  
  30  3:05  Widow Mine  
  31  3:07  Starport  
  31  3:09  SCV  
  31  3:12  Marine x2  
  34  3:14  Supply Depot  
  34  3:21  SCV  
  34  3:22  SCV  
  36  3:28  Widow Mine  
  36  3:30  Marine  
  36  3:33  SCV  
  36  3:34  Marine, SCV  
  42  3:44  Medivac  
  42  3:45  SCV  
  42  3:46  Barracks, SCV  
  42  3:48  Marine  
  47  3:49  Factory Tech Lab  
  47  3:51  Supply Depot  
  47  3:57  SCV  
  47  3:58  Barracks  
  47  3:59  SCV  
  49  4:03  Marine  
  49  4:08  Refinery  
  49  4:09  SCV  
  51  4:12  SCV  
  51  4:16  Factory Tech Lab  
  52  4:17  Engineering Bay  
  52  4:21  Raven  
  52  4:22  Marine x2  
  57  4:24  SCV x2  
  57  4:30  Supply Depot  
  57  4:36  SCV x2  
  59  4:40  Marine x2  
  59  4:42  Stimpack, Factory Reactor  
  61  4:48  SCV  
  61  4:49  Terran Infantry Weapons Level 1  
  61  4:51  SCV  
  61  4:52  Marauder  
  65  4:54  Supply Depot  
  65  5:00  SCV  
  65  5:03  SCV  
  65  5:06  Marine x2  
  69  5:12  Combat Shield, SCV  
  69  5:13  Marauder  
  66  5:14  Marauder  
  66  5:17  Supply Depot  
  69  5:23  Factory Reactor  
  69  5:24  Medivac  
  69  5:25  Marine x2  
  69  5:28  SCV x2  
  73  5:32  Medivac  
  73  5:34  Marine  
  76  5:36  Command Center  
  76  5:39  Marauder  
  77  5:45  SCV  
  78  5:51  Marine  
  78  5:52  Supply Depot, Refinery, Marine, Marauder  
  82  6:00  Barracks  
  82  6:01  Widow Mine, Marauder  
  82  6:02  Liberator  
  82  6:04  Barracks  
  86  6:08  Liberator, SCV  
  86  6:13  Marine  
  86  6:14  Widow Mine, Marauder  
  93  6:20  Supply Depot  
  93  6:23  Marine x2  
  96  6:29  SCV  
  100  6:35  Marauder  
  100  6:39  Supply Depot  
  102  6:42  Widow Mine x2, Marine  
  102  6:43  Terran Infantry Armor Level 1  
  102  6:44  Marauder  
  109  6:48  Concussive Shells  
  109  6:51  Barracks Tech Lab  
  109  6:52  Marine  
  110  6:56  Barracks Tech Lab, Orbital Command  
  110  6:57  Marauder  
  112  7:06  Marauder  
  111  7:11  Orbital Command  
  62  7:15  Medivac  
  111  7:18  Marauder  
  111  7:19  Marine, SCV  
  111  7:20  Marauder, Marine  
  116  7:23  Medivac  
  116  7:27  Widow Mine  
  118  7:30  Marauder  
  118  7:31  SCV  
  122  7:37  Marine  
  122  7:38  SCV  
  122  7:43  Supply Depot  
  126  7:48  Medivac, Marine  
  126  7:50  Refinery, SCV x2  
  125  7:51  Refinery  
  125  7:52  SCV  
  124  7:59  Marauder, Marine  
  124  8:01  Marine  
  124  8:02  Marauder, SCV x2  
  124  8:04  Medivac  
  114  8:07  SCV  
  109  8:14  SCV x2  
  109  8:16  Marauder, Marine  
  104  8:26  Armory, SCV  
  100  8:27  Engineering Bay  
  100  8:28  Marine  
  100  8:29  Marauder x2, Liberator x2, Marine  
  100  8:33  Widow Mine  
  100  8:34  Widow Mine, Marine  
  109  8:35  Ghost Academy  
  109  8:37  SCV, Marine  
  111  8:46  Marine  
  111  8:48  Marauder  
  120  8:50  Marine x2  
  120  8:51  SCV  
  120  8:52  Marine  
  120  8:55  Marine  
  125  8:57  Widow Mine  
  127  9:03  Enhanced Shockwaves  
  127  9:04  Marine  
  127  9:07  Ghost  
  128  9:14  Marauder x2, Marine x2  
  128  9:16  Widow Mine, Supply Depot  
  136  9:22  Terran Infantry Weapons Level 2, Marine  
  130  9:24  Terran Infantry Armor Level 2  
  130  9:37  Ghost  
  132  9:39  Supply Depot x2, Ghost  
  132  9:52  Ghost  
  127  9:55  Marine  
  127  9:56  Marauder  
  127  9:59  Marine  
  126  10:04  Supply Depot  
  128  10:07  Marauder  
  128  10:08  Marauder  
  128  10:13  Marine  
  130  10:16  Marine  
  130  10:20  Ghost  
  130  10:21  Command Center  
  135  10:22  SCV  
  135  10:23  SCV  
  135  10:27  Ghost  
  131  10:35  SCV  
  131  10:38  Marauder  
  131  10:42  Ghost, Command Center  
  132  10:47  Marine  
  132  10:49  Ghost  
  135  10:56  Ghost  
  130  10:58  SCV x3  
  130  10:59  Marauder, Marine  
  133  11:05  Marine  
  138  11:11  Marauder  
  138  11:16  Marine  
  138  11:18  Marine  
  135  11:20  Marine  
  135  11:21  SCV x2  
  135  11:23  Marine  
  135  11:24  Starport, Viking  
  141  11:25  Marauder  
  141  11:27  SCV  
  142  11:35  Marine  
  142  11:36  Marauder  
  134  11:45  SCV x2  
  134  11:47  Viking  
  136  11:49  Marine  
  136  11:50  Marauder  
  140  11:55  SCV  
  140  11:58  Viking  
  140  11:59  Marine  
  142  12:05  Viking  
  145  12:11  Marine x3  
  145  12:12  Sensor Tower, Marine  
  146  12:18  Planetary Fortress  
  146  12:23  Marine  
  146  12:27  Viking  
  146  12:28  Viking  
  146  12:29  Supply Depot  
  151  12:30  SCV x2  
  151  12:37  Viking  
  151  12:39  Marauder  
  154  12:44  Marauder, Marine  
  154  12:45  Marauder  
  154  12:46  Marine  
  156  12:55  SCV x3  
  156  12:57  Viking  
  156  12:58  Viking  
  158  12:59  SCV  
  158  13:00  Marauder, Marine  
  158  13:04  Medivac  
  162  13:06  Marauder  
  162  13:07  SCV  
  162  13:11  Marauder, Marine x2  
  168  13:16  SCV x3  
  168  13:18  Marauder  
  167  13:22  Marauder  
  163  13:27  Marine  
  163  13:29  Marine  
  163  13:31  Marine  
  163  13:32  SCV  
  166  13:35  SCV x2  
  169  13:45  Missile Turret x2  
Show
View Real Time Build Order
Export as new Build Order

Astrea Protoss - Winner!

Build Orders: 1 Gate Expand, Double Forge, Phoenix Opening, Blink Stalkers 

Get SALT Encoding   

  12  0:00  Probe  
  13  0:12  Probe  
  14  0:17  Pylon  
  14  0:23  Probe  
  15  0:31  Probe  
  15  0:36  Gateway  
  15  0:40  Probe  
  16  0:45  Assimilator  
  17  0:51  Probe  
  18  1:03  Probe  
  19  1:15  Probe  
  20  1:22  Nexus  
  20  1:32  Cybernetics Core  
  20  1:34  Probe  
  21  1:40  Assimilator  
  21  1:46  Probe  
  22  1:53  Pylon  
  22  1:58  Probe  
  22  2:02  Stalker  
  22  2:06  Probe  
  22  2:08  Warp Gate  
  22  2:14  Probe  
  26  2:24  Probe  
  27  2:31  Probe  
  27  2:33  Sentry  
  30  2:37  Probe  
  30  2:39  Probe  
  32  2:44  Twilight Council  
  32  2:48  Probe  
  32  2:49  Probe  
  32  2:51  Blink  
  33  2:56  Gateway  
  34  3:00  Probe  
  34  3:01  Probe  
  36  3:05  Phoenix, Stalker  
  36  3:10  Pylon  
  36  3:12  Probe  
  39  3:13  Probe  
  40  3:24  Probe  
  40  3:25  Probe  
  42  3:36  Probe  
  42  3:38  Probe  
  44  3:43  Nexus  
  44  3:48  Probe  
  44  3:50  Probe  
  46  3:56  Stalker x2  
  46  3:59  Pylon  
  46  4:01  Probe  
  51  4:03  Probe  
  51  4:08  Robotics Facility  
  52  4:10  Assimilator  
  52  4:13  Probe  
  53  4:18  Pylon  
  53  4:21  Probe  
  53  4:23  Stalker  
  56  4:24  Stalker  
  56  4:26  Probe  
  59  4:33  Probe  
  59  4:38  Forge x2  
  60  4:39  Probe  
  62  4:45  Probe  
  62  4:51  Protoss Ground Armor Level 1  
  62  4:52  Probe, Protoss Ground Weapons Level 1  
  63  4:53  Observer  
  63  4:57  Probe  
  63  4:58  Probe  
  65  5:05  Probe  
  67  5:10  Probe x2  
  69  5:14  Gateway  
  69  5:16  Gateway  
  69  5:17  Probe  
  69  5:18  Stalker  
  69  5:19  Gateway  
  72  5:22  Probe x2  
  72  5:24  Gateway  
  72  5:27  Observer  
  75  5:31  Probe, Charge  
  75  5:34  Pylon  
  76  5:40  Gateway  
  76  5:42  Observer  
  76  5:43  Gateway, Pylon  
  76  5:46  Pylon  
  76  5:47  Observer  
  76  5:49  Immortal  
  80  5:50  Sentry  
  80  5:54  Observer  
  80  5:56  Zealot  
  84  5:57  Probe x3  
  87  6:17  Zealot x5  
  97  6:26  Pylon  
  97  6:27  Sentry  
  97  6:28  Immortal  
  97  6:31  Probe  
  97  6:32  Probe x2  
  106  6:33  Pylon  
  106  6:34  Assimilator  
  106  6:36  Assimilator  
  106  6:38  Zealot  
  108  6:45  Pylon  
  108  6:48  Zealot x4  
  108  6:54  Protoss Ground Armor Level 2, Pylon, Zealot x3, Protoss Ground Weapons Level 2  
  122  6:56  Shield Battery  
  122  7:01  Templar Archives  
  122  7:06  Pylon  
  122  7:10  Zealot x5  
  122  7:15  Probe x3  
  134  7:17  Assimilator  
  134  7:22  Zealot x3  
  141  7:33  Warp Prism  
  141  7:36  Stalker x3  
  144  7:49  Zealot x3  
  144  7:51  Psionic Storm  
  148  7:56  Pylon  
  112  8:09  Zealot x7  
  118  8:18  Observer  
  106  8:28  Immortal  
  106  8:29  Nexus  
  106  8:31  High Templar x3  
  106  8:32  High Templar  
  116  8:36  Zealot x3  
  116  8:40  Probe x3  
  125  8:47  Stalker  
  125  8:48  Pylon  
  127  8:57  Stalker x3  
  132  9:05  Probe  
  132  9:06  Probe x2  
  132  9:09  Pylon x2  
  135  9:12  Zealot x3  
  139  9:18  Zealot x2  
  139  9:20  Zealot  
  139  9:22  Zealot  
  143  9:35  Protoss Ground Weapons Level 3, High Templar x4, Protoss Ground Armor Level 3  
  147  9:43  Robotics Bay  
  145  9:46  Robotics Facility  
  145  9:48  Probe x3  
  142  9:55  Warp Prism  
  142  9:57  Probe  
  143  10:00  Probe  
  143  10:02  Observer  
  146  10:14  High Templar, Probe x2, Zealot  
  146  10:15  Zealot x4, High Templar  
  146  10:18  Assimilator  
  146  10:21  Assimilator  
  158  10:24  Colossus x2  
  156  10:39  Archon  
  156  10:40  Archon  
  161  10:47  Stalker  
  161  10:48  Stalker  
  161  10:49  Stalker  
  165  10:53  Stalker x2  
  165  10:55  Stalker  
  165  10:56  Probe x2  
  165  10:57  Probe  
  171  11:01  Extended Thermal Lance  
  171  11:03  Probe  
  163  11:06  Zealot x2  
  163  11:08  Probe  
  166  11:11  Gateway x2  
  166  11:18  Colossus x2  
  162  11:20  Observer  
  162  11:21  Zealot x6  
  186  11:35  Archon  
  186  11:39  Pylon  
  176  11:43  Pylon  
  176  11:46  Pylon  
  176  11:47  Pylon  
  176  11:53  Zealot x2  
  179  11:54  Nexus  
  177  12:03  Warp Prism  
  177  12:04  Disruptor, Zealot x6  
  192  12:18  High Templar  
  192  12:19  Zealot x3  
  198  12:32  Pylon  
  198  12:34  Pylon  
  186  12:59  Disruptor x2  
  186  13:00  Archon  
  192  13:06  Zealot x4  
  192  13:11  Pylon  
  200  13:24  Assimilator x2  
  200  13:26  Photon Cannon  
  196  13:32  Photon Cannon  
  192  13:50  Zealot x4  
Tags
 
Add a new tag
Caveats
  • Supply blocks, unpowered buildings, or Contaminate may cause inaccurate times.
  • Supply counts are checked every 10 seconds.